 Dungeon Crawl Stone Soup version 0.20-a0-1015-g2ec8a95 (webtiles) character file.

3487 Megalobster the Cleaver (level 9, -8/124 HPs)
             Began as a Minotaur Berserker on Apr 15, 2017.
             Was an Elder of Trog.
             Killed from afar by an oklob plant (14 damage)
             ... with a splash of acid
             ... on level 7 of the Dungeon.
             The game lasted 00:18:47 (4979 turns).

Megalobster the Cleaver (Minotaur Berserker)        Turns: 4979, Time: 00:18:48

Health: -8/124     AC:  3    Str: 30    XL:     9   Next: 80%
Magic:  8/8        EV:  8    Int:  4    God:    Trog [****..]
Gold:   214        SH:  6    Dex: 10    Spells: 8/8 levels left

rFire    + . .     SeeInvis .   a - +0 hand axe
rCold    . . .     Gourm    .   (no shield)
rNeg     . . .     Faith    .   y - +0 plate armour
rPois    .         Spirit   .   (helmet restricted)
rElec    .         Reflect  +   N - +0 cloak
rCorr    .         Harm     .   (no gloves)
MR       .....                  (no boots)
Stlth    ..........             O - +6 amulet of reflection
Regen    0.3/turn               I - ring of protection from fire
MPRegen  0.2/turn               (no ring)

@: berserking, corroded, very quick
A: retaliatory headbutt, horns 2
a: Berserk, Trog's Hand, Brothers in Arms, Burn Spellbooks, Renounce Religion


You were on level 7 of the Dungeon.
You worshipped Trog.
Trog was greatly pleased with you.
You were hungry.

You visited 1 branch of the dungeon, and saw 7 of its levels.

You collected 466 gold pieces.
You spent 252 gold pieces at shops.

Inventory:

Hand Weapons
 a - a +0 hand axe (weapon)
 g - a +0 hand axe
 q - a +0 hunting sling
 v - a +0 hunting sling
 z - a +0 shortbow
 P - a +1 flail of crushing
Missiles
 f - 262 stones (quivered)
 A - 84 arrows
 J - 26 sling bullets
Armour
 b - a +0 animal skin
 j - a +0 leather armour of fire resistance
 u - a +0 chain mail
 x - a +0 scale mail
 y - a +0 plate armour (worn)
 N - a +0 cloak (worn)
Magical Staves
 r - an uncursed staff of earth {unknown}
 w - an uncursed staff of earth {unknown}
Jewellery
 h - an uncursed amulet of regeneration
 I - a ring of protection from fire (left hand)
 O - a +6 amulet of reflection (around neck)
Wands
 K - a wand of iceblast (8/15)
Scrolls
 d - 2 scrolls of fog {unknown}
 i - 5 scrolls of teleportation {unknown}
 k - 10 scrolls of identify {unknown}
 l - 2 scrolls of enchant weapon {unknown}
 n - 6 scrolls of remove curse {unknown}
 p - 2 scrolls of recharging {unknown}
 B - a scroll of enchant armour {unknown}
 L - a scroll of immolation {unknown}
Potions
 e - 3 potions of brilliance {unknown}
 m - 2 potions of mutation {unknown}
 s - a potion of degeneration {unknown}
 C - a potion of magic {unknown}
 E - a potion of flight
 F - a potion of heal wounds
 G - 3 potions of curing
 H - 3 potions of might
 M - a potion of cancellation {unknown}
Comestibles
 c - 9 bread rations
 o - 3 meat rations
 t - 2 royal jellies
 D - 3 fruits


   Skills:
 + Level 9.3 Fighting
 * Level 12.4 Axes
 + Level 8.0 Armour
 - Level 2.1 Dodging


You had 8 spell levels left.
You didn't know any spells.

Dungeon Overview and Level Annotations

Branches:
Dungeon (7/15)             Temple (0/1) D:6

Altars:
Dithmenos
Fedhas
Kikubaaqudgha
Qazlal
Ru
Vehumet

Shops:
D:4 =   D:5 !

Annotations:
D:7 exclusion: oklob plant


Innate Abilities, Weirdness & Mutations

You reflexively headbutt those who attack you in melee.
You have a pair of horns on your head.


Message History

The splash of acid hits you!
* * * LOW HITPOINT WARNING * * *
The acid corrodes you!
You are splashed with acid!
The acid burns!
* * * LOW HITPOINT WARNING * * *
You hit the oklob plant but do no damage.
You headbutt the oklob plant!!
The oklob plant is heavily damaged.
You hit the jelly.
Your hands burn!
* * * LOW HITPOINT WARNING * * *
You slash the oklob plant! You headbutt the oklob plant.
The oklob plant is severely damaged.
You hit the jelly. The acid corrodes you!
Your hands burn!
* * * LOW HITPOINT WARNING * * *
The jelly closely misses you. You furiously retaliate!
You headbutt the jelly!
You kill the jelly!
Trog accepts your kill.
Your Armour skill increases to level 8!
The oklob plant spits acid at you. The splash of acid hits you!
You die...

# ##########
.##......... #####
.>#......... ###PP.###
#.#.........
#.......###.#.........
#..PP@..'[..#.........
#PPP....##..#.........
###P..#####.#.........
#.###########.#.........
#...........#.#.........
#..........##.#.........
#..........##.#.........
#..........##.#.########
#...........#.#.######


You could see an oklob plant.

Vanquished Creatures
  The ghost of mopl the Covert, a novice DEAs of Okawaru (D:5)
  A kobold demonologist (D:7)
  The ghost of 4thArraOfDagon the Firebug, an amateur NaFE of Vehumet (D:7)
  The ghost of kuniqs the Charmwright, an amateur GnSk (D:3)
  2 sky beasts
  An ice beast (D:5)
  An orc warrior (D:6)
  An ogre (D:5)
  3 phantoms
  5 centaurs
  A bullfrog (D:6)
  2 big kobolds (D:7)
  A scorpion (D:6)
  5 wights (D:6)
  A howler monkey (D:4)
  9 jellies
  A bullfrog zombie (D:5)
  6 orc priests
  A centaur skeleton (D:7)
  An iguana (D:7)
  7 orc wizards
  7 worker ants
  5 adders
  11 oozes
  An adder skeleton (D:4)
  3 dart slugs
  A worm (D:5)
  3 leopard geckos
  12 orcs
  7 bats
  8 giant cockroaches
  4 goblins
  5 hobgoblins
  11 kobolds
  5 quokkas
  6 frilled lizards
  A jackal skeleton (D:4)
  2 leopard gecko skeletons (D:4)
  A quokka zombie (D:4)
  5 rats
150 creatures vanquished.

Vanquished Creatures (others)
  2 fungi (D:7)
2 creatures vanquished.

Grand Total: 152 creatures vanquished

Notes
Turn   | Place    | Note
-------+----------+-------------------------------------------
     0 | D:1      | Megalobster the Minotaur Berserker began the quest for the Orb.
     0 | D:1      | Reached XP level 1. HP: 19/19 MP: 0/0
   101 | D:1      | Reached skill level 4 in Axes
   180 | D:1      | Reached XP level 2. HP: 23/27 MP: 1/1
   797 | D:1      | Reached XP level 3. HP: 28/33 MP: 2/2
   873 | D:2      | Found an ancient bone altar of Kikubaaqudgha.
   937 | D:2      | Reached ** piety under Trog
  1003 | D:2      | Reached skill level 5 in Axes
  1511 | D:3      | Noticed kuniqs's ghost (amateur GnSk)
  1524 | D:3      | Killed kuniqs's ghost
  1524 | D:3      | Reached skill level 5 in Fighting
  1524 | D:3      | Reached skill level 6 in Axes
  1524 | D:3      | Reached XP level 4. HP: 42/42 MP: 3/3
  1524 | D:3      | Reached XP level 5. HP: 48/48 MP: 4/4
  1855 | D:4      | Noticed a phantom
  1879 | D:4      | Killed a phantom
  1879 | D:4      | Reached skill level 7 in Axes
  1879 | D:4      | Reached XP level 6. HP: 52/56 MP: 5/5
  1928 | D:4      | Found Gopyuwasche's Jewellery Shop.
  2015 | D:4      | Noticed a sky beast
  2016 | D:4      | Found a stormy altar of Qazlal.
  2016 | D:4      | Found a blossoming altar of Fedhas.
  2022 | D:4      | Killed a sky beast
  2369 | D:4      | Reached XP level 7. HP: 58/63 MP: 6/6
  2479 | D:5      | Entered Level 5 of the Dungeon
  2479 | D:5      | Noticed mopl's ghost (novice DEAs)
  2487 | D:5      | Killed mopl's ghost
  2487 | D:5      | Reached skill level 8 in Axes
  2560 | D:5      | Reached skill level 9 in Axes
  2615 | D:5      | Reached XP level 8. HP: 71/71 MP: 7/7
  2736 | D:5      | Reached skill level 5 in Armour
  2775 | D:5      | Found Lacryaro's Distillery.
  2781 | D:5      | Bought a potion of flight for 36 gold pieces
  2781 | D:5      | Bought a potion of heal wounds for 60 gold pieces
  2781 | D:5      | Bought 2 potions of curing for 72 gold pieces
  2781 | D:5      | Bought a potion of might for 48 gold pieces
  2781 | D:5      | Bought a potion of curing for 36 gold pieces
  2809 | D:5      | Found a shadowy altar of Dithmenos.
  2894 | D:5      | Reached skill level 10 in Axes
  3008 | D:5      | Found a shadowy altar of Dithmenos.
  3138 | D:5      | Reached *** piety under Trog
  3200 | D:5      | Found a radiant altar of Vehumet.
  3657 | D:6      | Reached XP level 9. HP: 39/81 MP: 8/8
  3721 | D:6      | Reached skill level 11 in Axes
  3811 | D:6      | Found a sacrificial altar of Ru.
  3889 | D:6      | Found a staircase to the Ecumenical Temple.
  4472 | D:7      | Noticed 4thArraOfDagon's ghost (amateur NaFE)
  4484 | D:7      | Killed 4thArraOfDagon's ghost
  4562 | D:7      | Noticed a kobold demonologist
  4564 | D:7      | Noticed a rust devil
  4576 | D:7      | Killed a kobold demonologist
  4576 | D:7      | Reached skill level 12 in Axes
  4791 | D:7      | Noticed an oklob plant
  4829 | D:7      | Reached **** piety under Trog
  4979 | D:7      | HP: 6/124 [acid (2)]
  4979 | D:7      | Killed from afar by an oklob plant

Vault maps used:
D:1:      dpeg_arrival_solitude
D:2:      kiku_gazebo_garden_becter
D:4:      grunt_temple_overflow_forces_of_nature, serial_shops, shop
D:5:      kennysheep_big_flooded_room, lemuel_doored_altar, marbit_many_paths,
          serial_shops, shop, first_bread, grunt_dithmenos_smoke
D:6:      nicolae_ru_path_of_blood, temple_hall
D:7:      lemuel_slime

Skill      XL: |  1  2  3  4  5  6  7  8  9 |
---------------+----------------------------+-----
Axes           | 4 6 7 9 10 12 | 12.4
Fighting       | 4 5 6 8 9 |  9.3
Armour         | 3 4 6 8 |  8.0
Dodging        | |  2.1

Action                   |  1- 3 |  4- 6 |  7- 9 || total
-------------------------+-------+-------+-------++-------
Melee: Hand axe          |    89 |    67 |   229 ||   385
       Headbutt          |    10 |     8 |    70 ||    88
Invok: Berserk           |     1 |     1 |    12 ||    14
       Trog's Hand       |     1 |     1 |     8 ||    10
       Burn Spellbooks   |       |       |     2 ||     2
  Eat: Chunk             |     2 |     5 |    16 ||    23
       Fruit             |       |       |     4 ||     4
       Royal jelly       |       |       |     1 ||     1
Armor: Animal skin       |     5 |       |       ||     5
       Leather armour    |    19 |     7 |    15 ||    41
       Plate armour      |       |       |    30 ||    30
Dodge: Dodged            |    61 |    32 |   106 ||   199
Block: Other             |       |       |    14 ||    14
